 Dungeon Crawl Stone Soup version 0.20.1-1-g8b1a95d (webtiles) character file.

1894 equalderp2856 the Cleaver (level 8, -1/70 HPs)
             Began as a Minotaur Fighter on Aug 12, 2017.
             Slain by a bullfrog (4 damage)
             ... on level 5 of the Dungeon.
             The game lasted 00:10:43 (6142 turns).

equalderp2856 the Cleaver (Minotaur Fighter)        Turns: 6142, Time: 00:10:44

Health: -1/70      AC: 16    Str: 21    XL:     8   Next: 93%
Magic:  7/7        EV:  5    Int:  5    God:
Gold:   474        SH: 10    Dex: 12    Spells: 7/7 levels left

rFire    . . .     SeeInvis .   a - +0 war axe
rCold    . . .     Gourm    .   c - +0 shield
rNeg     . . .     Faith    .   v - +0 plate armour
rPois    .         Spirit   .   A - +0 hat
rElec    .         Reflect  .   H - +2 cloak
rCorr    .         Harm     .   (no gloves)
MR       .....                  (no boots)
Stlth    ..........             (no amulet)
Regen    0.3/turn               (no ring)
MPRegen  0.1/turn               (no ring)

@: no status effects
A: retaliatory headbutt, horns 2
a: no special abilities


You were on level 5 of the Dungeon.
You were near starving.

You visited 1 branch of the dungeon, and saw 6 of its levels.
You also visited: Ossuary.

You collected 474 gold pieces.

Inventory:

Hand Weapons
 a - a +0 war axe (weapon)
 y - a cursed -2 fustibalus
 B - a +0 hunting sling
 K - a +1 quarterstaff of protection
Missiles
 l - 134 stones (quivered)
 m - 49 arrows
 w - 61 bolts
 x - 15 sling bullets
Armour
 b - a +0 scale mail
 c - a +0 shield (worn)
 i - +0 swamp dragon scales
 v - a +0 plate armour (worn)
 A - a +0 hat (worn)
 H - a +2 cloak (worn)
 I - a +0 buckler
 J - the +1 robe "Nalyorr" {rPois rC+, unknown}
   (You took it off a goblin on level 4 of the Dungeon)

   It protects you from cold.
   It protects you from poison.
Jewellery
 u - an uncursed ring of protection from cold {unknown}
Wands
 n - a wand of random effects (17/48)
 z - a wand of flame (11/48)
Scrolls
 d - 3 scrolls of immolation
 e - 3 scrolls of remove curse {unknown}
 g - 3 scrolls of teleportation {unknown}
 j - 2 scrolls of identify
 k - a scroll of recharging {unknown}
 p - a scroll of noise {unknown}
 q - 2 scrolls of enchant weapon {unknown}
 r - a scroll of amnesia {unknown}
 D - a scroll of enchant armour {unknown}
 G - a scroll of magic mapping {unknown}
Potions
 o - 5 potions of agility
 t - 5 potions of curing
 C - 2 potions of degeneration {unknown}
 E - a potion of mutation {unknown}
 L - 3 potions of heal wounds {unknown}
 M - a potion of berserk rage {unknown}
 N - a potion of might
 O - a potion of haste {unknown}
 P - a potion of lignification {unknown}
Comestibles
 f - 6 bread rations
 h - 4 meat rations
 s - 3 royal jellies
 F - 3 fruits


   Skills:
 + Level 6.2 Fighting
 + Level 9.7 Axes
 + Level 6.9 Armour
 + Level 2.0 Dodging
 + Level 0.5 Stealth
 + Level 6.8 Shields


You had 7 spell levels left.
You didn't know any spells.

Dungeon Overview and Level Annotations

Branches:
Dungeon (6/15)             Temple (0/1) D:4

Altars:
Cheibriados
Dithmenos
Nemelex Xobeh
Trog

Shops:
D:5 [

Annotations:
D:6 Sigmund


Innate Abilities, Weirdness & Mutations

You reflexively headbutt those who attack you in melee.
You have a pair of horns on your head.


Message History

The ogre is lightly wounded.
The ogre hits you with a giant club!!
You hit the ogre.
You headbutt the ogre, but do no damage.
The ogre is lightly wounded.
The ogre hits you with a giant club!!
* * * LOW HITPOINT WARNING * * *
You hit the ogre.
The ogre is lightly wounded.
The ogre barely misses you.
Okay, then.
There is a stone staircase leading up here.
The ogre hits you with a giant club!
* * * LOW HITPOINT WARNING * * *
You climb upwards.
The bullfrog gives a loud, deep croak!
There is a stone staircase leading down here.
Unknown command.
The bullfrog hits you.
You die...

#....###...# ##........###
####......## ##..#...### #
####...## ###...#...## ##
##...######..........###.
##...#..............##..
#......................
##........#.............
##......###..............
###.......@.O.....∩........
###..<......F..........####..
####..............>.......# #...
##...................###...###...
#...................## ##...##...
#...................# #.........
#..............#....# #.........
###............##.).####....#....
##.....).....##..........##..##


You could see an ogre and a bullfrog.

Vanquished Creatures
  Pikel (D:4)
  An ice beast (D:5)
  2 ogres
  2 centaurs
  A bullfrog (D:6)
  A scorpion (D:4)
  4 wights (D:6)
  The ghost of Feta the Vexing, a weakling FoAM (D:3)
  2 hounds
  An orc priest (D:4)
  A jelly (D:3)
  3 iguanas
  2 orc wizards (D:4)
  4 worker ants
  A big kobold zombie (Ossuary)
  9 mummies
  3 gnolls (D:3)
  A howler monkey skeleton (D:6)
  3 adders
  A shadow imp (D:5)
  An ooze (D:1)
  An adder skeleton (D:4)
  An adder zombie (D:5)
  2 worms
  4 dart slugs
  3 leopard geckos
  11 orcs
  2 ball pythons
  9 bats
  6 giant cockroaches
  9 goblins
  10 hobgoblins
  4 jackals (D:1)
  13 kobolds
  3 quokkas
  A ball python skeleton (D:5)
  6 frilled lizards
  3 gnoll zombies (Ossuary)
  3 hobgoblin zombies (Ossuary)
  A kobold zombie (Ossuary)
  An orc zombie (D:6)
  A quokka skeleton (D:5)
  A quokka zombie (D:5)
  8 rats
148 creatures vanquished.

Vanquished Creatures (others)
  2 slaves (D:4)
  A leopard gecko (D:4)
  A quokka (D:4)
4 creatures vanquished.

Grand Total: 152 creatures vanquished

Notes
Turn   | Place    | Note
-------+----------+-------------------------------------------
     0 | D:1      | equalderp2856 the Minotaur Fighter began the quest for the Orb.
     0 | D:1      | Reached XP level 1. HP: 19/19 MP: 0/0
    89 | D:1      | Reached XP level 2. HP: 22/27 MP: 1/1
   308 | D:1      | Reached XP level 3. HP: 33/33 MP: 2/2
   350 | D:1      | Reached skill level 3 in Axes
   507 | D:1      | Noticed an ogre
   512 | D:1      | Noticed an ogre
   512 | D:1      | Noticed an ogre
   513 | D:1      | Noticed an ogre
  1445 | D:2      | Reached XP level 4. HP: 40/40 MP: 3/3
  2029 | D:3      | Reached skill level 4 in Axes
  2050 | D:3      | Noticed Feta's ghost (weakling FoAM)
  2060 | D:3      | Killed Feta's ghost
  2060 | D:3      | Reached XP level 5. HP: 41/46 MP: 4/4
  2622 | D:4      | Noticed an ogre
  2642 | D:4      | Killed an ogre
  2642 | D:4      | Reached skill level 5 in Axes
  2642 | D:4      | Reached skill level 5 in Shields
  2642 | D:4      | Reached XP level 6. HP: 21/53 MP: 5/5
  2644 | D:4      | Reached skill level 1 in Dodging
  2906 | D:4      | Found a staircase to the Ecumenical Temple.
  2995 | D:4      | Noticed Pikel
  2995 | D:4      | Noticed a slave
  3019 | D:4      | Killed Pikel
  3019 | D:4      | Reached skill level 5 in Fighting
  3019 | D:4      | Reached skill level 7 in Axes
  3019 | D:4      | Reached skill level 5 in Armour
  3019 | D:4      | Reached XP level 7. HP: 26/61 MP: 6/6
  3853 | D:5      | Entered Level 5 of the Dungeon
  3888 | D:5      | Found Paavanob's Antique Armour Shoppe.
  3916 | D:5      | Found a snail-covered altar of Cheibriados.
  3932 | D:5      | Reached skill level 8 in Axes
  3932 | D:5      | Reached XP level 8. HP: 38/69 MP: 7/7
  4806 | D:5      | Found a bloodstained altar of Trog.
  4812 | D:5      | Found a sparkling altar of Nemelex Xobeh.
  4814 | D:5      | Found a shadowy altar of Dithmenos.
  5149 | D:4      | Got a colourful robe
  5432 | D:6      | Found a sand-covered staircase.
  5448 | Ossuary  | Entered an ossuary
  5575 | Ossuary  | Reached skill level 9 in Axes
  5784 | D:6      | Noticed Sigmund
  6138 | D:6      | HP: 2/70 [ogre/giant club (10)]
  6142 | D:5      | Slain by a bullfrog

Skill      XL: |  1  2  3  4  5  6  7  8 |
---------------+-------------------------+-----
Shields        | 4 5 6 |  6.8
Fighting       | 4 5 6 |  6.2
Axes           | 3 4 5 7 8 9 |  9.7
Armour         | 4 5 6 |  6.9
Dodging        | 1 2 |  2.0
Stealth        | |  0.5

Action                   |  1- 3 |  4- 6 |  7- 9 || total
-------------------------+-------+-------+-------++-------
Melee: War axe           |   113 |   100 |   186 ||   399
       Headbutt          |     6 |    22 |    46 ||    74
  Use: Potion            |       |     1 |       ||     1
       Scroll            |       |       |     3 ||     3
  Eat: Chunk             |     1 |     5 |     9 ||    15
Armor: Scale mail        |    25 |       |       ||    25
       Swamp dragon scal |    35 |    25 |       ||    60
       Plate armour      |       |    19 |   101 ||   120
Dodge: Dodged            |    48 |    28 |    36 ||   112
Block: Shield            |    88 |    51 |   103 ||   242
